 Dungeon Crawl Stone Soup version 0.25-a0-668-gea548f19b6 (webtiles) character file.

Game seed: 16568110825326198090, levelgen mode: deterministic

30 Alarkh the Ruffian (level 3, 18/29 HPs)
             Began as a Demonspawn Fighter on Mar 28, 2020.
             Got out of the dungeon alive.
             The game lasted 00:00:54 (1008 turns).

Alarkh the Ruffian (Demonspawn Fighter)             Turns: 1008, Time: 00:00:55

Health: 18/29      AC:  6    Str: 16    XL:     3   Next: 3%
Magic:  3/3        EV:  6    Int: 10    God:
Gold:   57         SH:  8    Dex: 12    Spells: 2/2 levels left

rFire    . . .     SeeInvis .     - Unarmed
rCold    . . .     Gourm    .   b - +0 kite shield
rNeg     . . .     Faith    .   a - +0 scale mail
rPois    .         Spirit   .   (no helmet)
rElec    .         Reflect  .   (no cloak)
rCorr    .         Harm     .   (no gloves)
MR       .....                  (no boots)
Stlth    ..........             (no amulet)
HPRegen  0.09/turn              g - ring of flight
MPRegen  0.08/turn              (no ring)

@: no status effects
A: hooves 1, spiny 1
a: Evoke Flight


You escaped.
You were not hungry.

You visited 1 branch of the dungeon, and saw 2 of its levels.

You collected 57 gold pieces.

Inventory:

Armour
 a - a +0 scale mail (worn)
 b - a +0 kite shield (worn)
Jewellery
 g - a ring of flight (left hand)
 h - an uncursed amulet of magic regeneration {unknown}
 i - an uncursed amulet of guardian spirit
Scrolls
 e - a scroll of teleportation {unknown}
 f - 2 scrolls of remove curse {unknown}
 k - a scroll of identify {unknown}
 l - a scroll of amnesia {unknown}
 m - a scroll of enchant weapon {unknown}
Potions
 c - a potion of might
Comestibles
 d - 4 rations
 j - 3 chunks of flesh


   Skills:
 - Level 3.0 Fighting
 - Level 2.6 Armour
 - Level 2.6 Shields
 + Level 3.2 Unarmed Combat


You had 2 spell levels left.
You didn't know any spells.
Your spell library was empty.

Dungeon Overview and Level Annotations

Branches:
Dungeon (2/15)

Altars:


Innate Abilities, Weirdness & Mutations

You have large cloven feet.
You are partially covered in sharp spines.


Message History

You kill the kobold!
No target in view!
No target in view!
No target in view!
No target in view!
No target in view!
No target in view!
No target in view!
No target in view!
No target in view!
No target in view!
(D) Dungeon
Where to? (Enter - D:1 @ (x,y), ? - help)
You see here a stone.
There is a large open door here.
You see here a stone.
There is a large open door here.
There is a staircase leading out of the dungeon here.
Are you sure you want to leave the Dungeon?
This will make you lose the game!
You have escaped!

######### #.......##
#.####8#.# ######
##....##.# #....#
##.@.##)# #####....#
#...##.# ^.......>#
##.##(## ###......#
##'(## #.'(.....#
#.(#
#.#.....#########(##
#.#(............)..#
#.#.#'###...###.(..#
#.#((...#.#.....#..#


There were no monsters in sight!

Vanquished Creatures
  2 leopard geckos (D:1)
  A giant cockroach (D:1)
  4 goblins (D:1)
  3 hobgoblins (D:1)
  A bat (D:1)
  5 frilled lizards (D:1)
  6 kobolds (D:1)
  4 rats
26 creatures vanquished.

Notes
Turn   | Place    | Note
-------+----------+-------------------------------------------
     0 | D:1      | Alarkh the Demonspawn Fighter began the quest for the Orb.
     0 | D:1      | Reached XP level 1. HP: 18/18 MP: 1/1
   253 | D:1      | Gained mutation: You are partially covered in sharp spines.
                  | [demonic ancestry]
   253 | D:1      | Reached XP level 2. HP: 15/24 MP: 2/2
   900 | D:2      | Gained mutation: You have large cloven feet. [demonic
                  | ancestry]
   900 | D:2      | Reached XP level 3. HP: 26/29 MP: 3/3
  1008 | D:$      | Got out of the dungeon alive.

Levels and vault maps discovered:
D:1:      saegor_arrival_simple_e, layout_basic, minmay_tall_x
D:2:      layout_loops_cross, bloody_trog, okawaru_metal_pillars_1_2,
          uniq_crazy_yiuf_cottage, uniq_jessica

Skill      XL: |  1  2 |
---------------+-------+-----
Unarmed Combat | 2 3 |  3.2
Fighting       | |  3.0
Armour         | |  2.6
Shields        | |  2.6

Action                   || total
-------------------------++-------
Melee: Unarmed           ||   101
       Kick              ||     1
Armor: Scale mail        ||    33
Dodge: Dodged            ||    17
Block: Kite shield       ||    40

Table legend:
 A = Non-vault XP
 B = Vault XP
 C = Vault XP percentage of total XP
 D = Non-vault monster count
 E = Vault monster count
 F = Vault count percentage of total count
                 A         B        C        D         E       F
            +---------+---------+-------+---------+---------+-------
      Total |      37 |       6 |  14.0 |      22 |       4 |  15.4
            +---------+---------+-------+---------+---------+-------
        D:1 |      36 |       6 |  14.3 |      21 |       4 |  16.0
        D:2 |       1 |       0 |   0.0 |       1 |       0 |   0.0
            +---------+---------+-------+---------+---------+-------
